 Dungeon Crawl Stone Soup version 0.26-b1-32-g5d43845318 (webtiles) character file.

Game seed: 17747404391065111065

254 HoaS the Ruffian (level 6, -12/48 HPs)
             Began as a Ghoul Gladiator on Jan 7, 2021.
             Mangled by an orc warrior
             ... wielding a cursed -1 hand axe
              (14 damage)
             ... on level 4 of the Dungeon.
             The game lasted 00:05:26 (3044 turns).

HoaS the Ruffian (Ghoul Gladiator)                  Turns: 3044, Time: 00:05:26

Health: -12/48     AC: 11    Str: 19    XL:     6   Next: 14%
Magic:  5/5        EV:  8    Int:  3    God:
Gold:   171        SH:  0    Dex: 11    Spells: 5/5 levels left

rFire    . . .     SeeInvis .     - Unarmed
rCold    + . .     Faith    .   (no shield)
rNeg     + + +     Spirit   .   a - +0 chain mail
rPois    ∞         Reflect  .   b - +1 helmet
rElec    .         Harm     .   (no cloak)
rCorr    .         Rampage  .   (no gloves)
Will     .....                  j - +0 pair of boots
Stlth    ..........             (no amulet)
HPRegen  0.00/turn              f - ring of stealth
MPRegen  0.09/turn              (no ring)

@: about to teleport
A: claws 1, cold resistance 1, negative energy resistance 3, inhibited
regeneration, torment resistance, unbreathing
a: no special abilities


You were on level 4 of the Dungeon.
You visited 1 branch of the dungeon, and saw 4 of its levels.

You collected 171 gold pieces.

Inventory:

Missiles
 c - 3 throwing nets (quivered)
 g - 16 poisoned darts
 o - 3 boomerangs
Armour
 a - a +0 chain mail (worn)
 b - a +1 helmet (worn)
 j - a +0 pair of boots (worn)
Jewellery
 f - a ring of stealth (left claw)
Scrolls
 d - a scroll of enchant armour
 q - a scroll of identify
Potions
 i - 2 potions of curing {unknown}
 k - 2 potions of attraction {unknown}
 l - a potion of degeneration {unknown}
 m - a potion of magic {unknown}
 n - a potion of resistance {unknown}
 r - a potion of haste {unknown}


   Skills:
 - Level 2.1 Fighting
 - Level 1.7 Throwing
 - Level 2.6 Dodging
 + Level 7.3 Unarmed Combat


You had 5 spell levels left.
You didn't know any spells.
Your spell library was empty.

Dungeon Overview and Level Annotations

Branches:
Dungeon (4/15)
 Temple: D:4-7

Altars:
Xom


Innate Abilities, Weirdness & Mutations

You thrive by killing the living.
You are immune to poison.
You have sharp fingernails.
Your flesh is cold resistant. (rC+)
You are immune to negative energy. (rN+++)
You do not regenerate when monsters are visible.
You are immune to unholy pain and torment.
You can survive without breathing.


Message History

The orc barely misses you. x2
Your chain mail prevents you from hitting the orc priest.
The orc priest is almost dead.
The orc priest hits you with a +0 trident.
The orc priest hits you but does no damage.
The orc warrior hits you with a cursed -1 hand axe!
The orc barely misses you. The orc hits you but does no damage.
You claw the orc priest!
You kill the orc priest!
You feel better.
The orc priest hits you but does no damage.
The orc warrior hits you with a cursed -1 hand axe!!
* * * LOW HITPOINT WARNING * * *
Okay, then.
Okay, then.
As you read the scroll of teleportation, it crumbles to dust.
You feel strangely unstable. The orc hits you but does no damage. x2
The orc priest begins to cast a cantrip, but forgets the words!
The orc warrior hits you with a cursed -1 hand axe!
You die...

###### #....#
######....# ..........#
############ ..........#
#......††...
......o)..###.#########.
......o@.........#...(..
.#####oo..###...........
.....#### ####.#.####.
...... ..#.#.#>...
##.### ####.#.#.#.#..
... #.##.#.#.#.#.. .##
#.##.#........
#.##.#.#.#....
#.#...........


You could see an orc warrior, an orc priest and 2 orcs.

Vanquished Creatures
  2 orc priests
  An iguana (D:3)
  A worker ant (D:4)
  Robin (D:2)
  An adder (D:2)
  3 oozes
  2 worms (D:2)
  3 dart slugs
  2 leopard geckos
  5 orcs
  11 bats
  5 giant cockroaches
  21 goblins
  6 hobgoblins
  4 jackals (D:4)
  A quokka (D:2)
  6 frilled lizards
  10 kobolds
  6 rats
91 creatures vanquished.

Notes
Turn   | Place    | Note
-------+----------+-------------------------------------------
     0 | D:1      | HoaS the Ghoul Gladiator began the quest for the Orb.
     0 | D:1      | Reached XP level 1. HP: 17/17 MP: 0/0
   171 | D:1      | Reached skill level 4 in Unarmed Combat
   171 | D:1      | Reached XP level 2. HP: 21/24 MP: 1/1
   318 | D:1      | Reached XP level 3. HP: 26/29 MP: 2/2
   743 | D:2      | Reached skill level 5 in Unarmed Combat
   820 | D:2      | Noticed Robin
   873 | D:2      | Killed Robin
   874 | D:2      | Reached XP level 4. HP: 34/36 MP: 3/3
  1014 | D:2      | Found an opulent altar of Gozag.
  1016 | D:2      | Found a shimmering altar of Xom.
  1016 | D:2      | Found an opulent altar of Gozag.
  1018 | D:2      | Found an ancient bone altar of Kikubaaqudgha.
  1018 | D:2      | Found a shimmering altar of Xom.
  1018 | D:2      | Found a glowing golden altar of the Shining One.
  1832 | D:3      | Reached skill level 6 in Unarmed Combat
  1901 | D:3      | Reached XP level 5. HP: 41/41 MP: 4/4
  3007 | D:4      | Reached skill level 7 in Unarmed Combat
  3016 | D:4      | Reached XP level 6. HP: 48/48 MP: 5/5
  3027 | D:4      | Noticed an orc warrior
  3043 | D:4      | HP: 2/48 [orc warrior/cursed -1 hand axe (18)]
  3044 | D:4      | Mangled by an orc warrior

Illustrated notes

Levels and vault maps discovered:
D:1:      roderic_dead_forest, layout_rooms
D:2:      layout_basic, doesnt_xom_only_xom, minmay_split_cup_small, uniq_robin
D:3:      layout_basic, kennysheep_generic_room_6
D:4:      layout_basic

Skill      XL: |  1  2  3  4  5 |
---------------+----------------+-----
Unarmed Combat | 4 5 6 7 |  7.3
Fighting       | |  2.1
Throwing       | |  1.7
Dodging        | |  2.6

Action                   |  1- 3 |  4- 6 || total
-------------------------+-------+-------++-------
Melee: Unarmed           |   101 |   195 ||   296
       Punch             |     2 |     1 ||     3
Throw: Throwing net      |       |     2 ||     2
  Use: Scroll            |     4 |     5 ||     9
 Stab: Sleeping          |       |     3 ||     3
Armor: Leather armour    |    25 |     5 ||    30
       Ring mail         |       |    57 ||    57
       Chain mail        |       |    48 ||    48
Dodge: Dodged            |    73 |   143 ||   216
